 Dungeon Crawl Stone Soup version 0.29.1-12-g30fa7ad0bf (webtiles) character file.

Game seed: 12500241912635580789

21 hawla the Firebug (level 3, -1/26 HPs)
             Began as a Meteoran Fire Elementalist on Jan 3, 2023.
             Slain by an orc
             ... wielding a +0 hand axe
              (4 damage)
             ... on level 3 of the Dungeon.
             The game lasted 00:01:37 (179 turns).

hawla the Firebug (Meteoran Fire Elementalist)       Turns: 179, Time: 00:01:37

Health: -1/26      AC:  2    Str:  9    XL:     3   Next: 20%
Magic:  0/8        EV: 12    Int: 19    God:
Gold:   14         SH:  0    Dex: 14    Spells: 5/8 levels left

rFire   . . .      SeeInvis .   c - +0 long sword
rCold   . . .      Faith    .   (no shield)
rNeg    . . .      Spirit   .   a - +0 robe
rPois   .          Reflect  .   g - +0 hat
rElec   .          Harm     .   (no cloak)
rCorr   .          Rampage  .   (no gloves)
Will    .....                   (no boots)
Stlth   +.........              (no amulet)
HPRegen 0.08/turn               (no ring)
MPRegen 0.11/turn               (no ring)

@: flying, glowing
A: sense surroundings 1, otherworldly, glowing, explore regen
a: no special abilities


You were on level 3 of the Dungeon.
You visited 1 branch of the dungeon, and saw 3 of its levels.

You collected 14 gold pieces.

Inventory:

Hand Weapons
 c - a +0 long sword (weapon)
Armour
 a - a +0 robe (worn)
 g - a +0 hat (worn)
Scrolls
 d - a scroll of amnesia {unknown}
 e - a scroll of magic mapping {unknown}
 h - a scroll of summoning {unknown}
Potions
 b - a potion of magic


   Skills:
 + Level 2.5 Dodging
 - Level 1.4 Stealth
 + Level 3.1 Spellcasting
 + Level 1.2 Conjurations
 + Level 4.4 Fire Magic


You had 5 spell levels left.
You knew the following spells:

 Your Spells              Type           Power      Damage    Failure   Level
a - Foxfire               Conj/Fire      52%        2x1d6     4%          1
b - Scorch                Fire           38%        2d7       3%          2

Your spell library contained the following spells:

 Spells                   Type           Power      Damage    Failure   Level
 Conjure Flame            Conj/Fire      13%        6-21      14%         3
 Inner Flame              Hex/Fire       11%        N/A       19%         3
 Flame Wave               Conj/Fire      13%        2d6       43%         4


Dungeon Overview and Level Annotations

Branches:
Dungeon (3/15) Zot: 1619

Altars:


Innate Abilities, Weirdness & Mutations

You passively map a small area around you.
You are easily found by Zot.
You glow in the dark.
You regain HP and MP as you explore.


Message History

The adder bites you. The orc barely misses you.
The orc hits you with a +0 hand axe. The orc barely misses you.
The orc attacks as you move away! The orc barely misses you.
The adder attacks as you move away! The adder bites you.
You are poisoned.
The adder poisons you!
You feel sick.
Casting: Scorch (safe; 4% risk of failure)
Confirm with . or Enter, or press ? or * to list all spells.
Flames lash the orc.
You kill the orc!
You feel sick.
The orc is no longer more vulnerable to fire.
The adder bites you.
* * * LOW HITPOINT WARNING * * *
Casting: Scorch (safe; 4% risk of failure)
Confirm with . or Enter, or press ? or * to list all spells.
Flames lash the adder.
The adder is heavily wounded.
The adder's fire resistance burns away.
You feel sick. The adder closely misses you. The adder barely misses you.
You feel sick.
You are no longer poisoned.
Casting: Scorch (safe; 4% risk of failure)
Confirm with . or Enter, or press ? or * to list all spells.
You conjure some foxfire!
The adder bites you.
* * * LOW HITPOINT WARNING * * *
You are too injured to fight recklessly!
It was a potion of flight.
You feel very buoyant.
You fly up into the air.
The foxfire hits the adder!
The adder is burned terribly!
You kill the adder!
The foxfire hits the orc.
The orc is severely wounded.
You have reached level 3!
Your experience leads to an increase in your attributes!
Increase (S)trength, (I)ntelligence, or (D)exterity?
You feel clever. x3
The orc attacks as you move away! The orc hits you with a +0 hand axe.
You die...

,* .. * #.#** ,
, * * ####.# * ,
* ,, ....### * ,
......# * ,, *
#.#.... ,, *
#.#.#.# * , ,
*#<#§#.#
*#.#§@#.# , ,
*#.###o#.######
** ..#
*##oo...... ,
*###
#...o.)..... ,
.......?.......
*
,...........####
* * ####.#.....#
#........, #
########** *


You could see 3 orcs.

Vanquished Creatures
  An adder (D:3)
  A worm (D:2)
  An orc (D:3)
  An endoplasm (D:1)
  A goblin (D:2)
  A hobgoblin (D:2)
  A ball python (D:2)
  A bat (D:2)
  A frilled lizard (D:2)
  A rat (D:2)
10 creatures vanquished.

Vanquished Creatures (others)
  16 foxfires
16 creatures vanquished.

Grand Total: 26 creatures vanquished

Notes
Turn   | Place    | Note
-------+----------+-------------------------------------------
     0 | D:1      | hawla the Meteoran Fire Elementalist began the quest for
                  | the Orb.
     0 | D:1      | Reached XP level 1. HP: 14/14 MP: 5/5
    54 | D:2      | Reached skill level 4 in Fire Magic
    54 | D:2      | Reached XP level 2. HP: 20/20 MP: 1/6
    57 | D:2      | Learned a level 2 spell: Scorch
   179 | D:3      | Reached XP level 3. HP: 3/26 MP: 0/8
   179 | D:3      | Slain by an orc

Illustrated notes

Levels and vault maps discovered:
D:1:      saegor_arrival_simple_b, layout_basic, ebering_ecumenical_altar_webs,
          minmay_tetromino_o2
D:2:      layout_loops_cross, minmay_misc_feat_tower, st_stairs_13
D:3:      layout_loops_ring, makhleb_altar_promises_db,
          minmay_misc_feat_diagonals

Skill      XL: |  1  2 |
---------------+-------+-----
Fire Magic     | 4 |  4.4
Spellcasting   | 3 |  3.1
Dodging        | |  2.5
Stealth        | |  1.4
Conjurations   | |  1.2

Action                   || total
-------------------------++-------
Melee: Long sword        ||     6
 Cast: Foxfire           ||    10
       Scorch            ||     4
  Use: Potion            ||     1
Armor: Robe              ||     3
Dodge: Dodged            ||    10
